 Dungeon Crawl Stone Soup version 0.21.1-1-g345015f (webtiles) character file.

14 inc the Vexing (level 2, -2/11 HPs)
             Began as a Felid Enchanter on Feb 25, 2018.
             Slain by a goblin
             ... wielding a +0 dagger
              (4 damage)
             ... on level 1 of the Dungeon.
             The game lasted 00:00:48 (733 turns).

inc the Vexing (Felid Enchanter)                     Turns: 733, Time: 00:00:48

Health: -2/11      AC:  1    Str:  4    XL:     2   Next: 27%
Magic:  6/6        EV: 18    Int: 16    God:
Gold:   24         SH:  0    Dex: 16    Spells: 4/5 levels left
                                        Lives:  0   Deaths: 0

rFire    . . .     SeeInvis +     - Unarmed
rCold    . . .     Gourm    .   (shield unavailable)
rNeg     . . .     Faith    .   (armour unavailable)
rPois    .         Spirit   .   (helmet unavailable)
rElec    .         Reflect  .   (cloak unavailable)
rCorr    .         Harm     .   (gloves unavailable)
MR       .....                  (boots unavailable)
Stlth    +++.......             (no amulet)
HPRegen  0.03/turn              (no ring)
MPRegen  0.10/turn              (no ring)

@: quick
A: very small, no armour, no weapons or thrown items, stealth, claws 1, fangs 3,
see invisible, carnivore, speed 1, shaggy fur 1, slow metabolism 1, sharp paws
a: no special abilities


You were on level 1 of the Dungeon.
You were very full.

You visited 1 branch of the dungeon, and saw 1 of its levels.

You collected 24 gold pieces.

Inventory:

Scrolls
 c - 2 scrolls of enchant armour {unknown}
 d - a scroll of identify {unknown}
 e - a scroll of noise {unknown}
Books
 a - a book of Maledictions

   Spells                             Type                      Level
   a - Corona                         Hexes                        1
   b - Ensorcelled Hibernation        Hexes/Ice                    2
   c - Confuse                        Hexes                        3
   d - Tukima's Dance                 Hexes                        3
   e - Dazzling Spray                 Conjuration/Hexes            3
Comestibles
 b - 2 rations


   Skills:
 - Level 2.6 Dodging
 - Level 4.0 Stealth
 + Level 2.3 Unarmed Combat
 - Level 2.0 Spellcasting
 - Level 4.4 Hexes


You had 4 spell levels left.
You knew the following spells:

 Your Spells              Type           Power        Failure   Level  Hunger
a - Corona                Hex            ###....      3%          1    #......


Dungeon Overview and Level Annotations

Branches:
Dungeon (1/15)

Altars:


Innate Abilities, Weirdness & Mutations

You cannot wear armour.
You are incapable of wielding weapons or throwing items.
Your paws allow you to move quietly. (Stealth)
You have sharp claws.
You have razor-sharp teeth.
You have supernaturally acute eyesight. (SInv)
You are carnivorous and can eat meat at any time.
You cover ground quickly.
You are covered in fur. (AC +1)
You have a slow metabolism.
Your sharp claws are effective at attacking unaware monsters.


Message History

You are too injured to fight recklessly!
You are too injured to fight recklessly!
You are too injured to fight recklessly!
You are too injured to fight recklessly!
You are too injured to fight recklessly!
You are too injured to fight recklessly!
You are too injured to fight recklessly!
There are monsters nearby!
The giant cockroach completely misses you.
You closely miss the giant cockroach. Your claw misses the giant cockroach.
The giant cockroach waves its antennae.
The giant cockroach barely misses you.
You scratch the giant cockroach but do no damage.
The giant cockroach completely misses you.
You claw the giant cockroach!
You kill the giant cockroach!
You scratch the goblin.
The goblin is heavily wounded.
The goblin hits you with a dagger.
You die...

########..########.#
#(.#......#.#
########..#.####.#.#
.(...............#.########
#######.#.#.####.#.........
# #.#.#.# ###......... #
#.#.#.# #...........
#######.#.#.# #.#.........
.....##.#.#.# #@#.........
.....##.#.#.# #g#..#.#....
###.###.#...# #.#†........
........########....#.#.###
##....(.............#.#.#
#.................†......
##...##.####..........#...
[....##.####.###.##.#####.
##.#>................


You could see a goblin.

Vanquished Creatures
  A giant cockroach (D:1)
  2 goblins (D:1)
  2 hobgoblins (D:1)
  2 jackals (D:1)
  A frilled lizard (D:1)
  2 kobolds (D:1)
  3 rats (D:1)
13 creatures vanquished.

Notes
Turn   | Place    | Note
-------+----------+-------------------------------------------
     0 | D:1      | inc the Felid Enchanter began the quest for the Orb.
     0 | D:1      | Reached XP level 1. HP: 7/7 MP: 4/4
   601 | D:1      | Reached XP level 2. HP: 11/11 MP: 6/6
   733 | D:1      | Slain by a goblin

Skill      XL: |  1 |
---------------+----+-----
Unarmed Combat | 2 |  2.3
Dodging        | |  2.6
Stealth        | |  4.0
Spellcasting   | |  2.0
Hexes          | |  4.4

Action                   || total
-------------------------++-------
Melee: Unarmed           ||    52
       Bite              ||     4
 Stab: Sleeping          ||     4
  Eat: Chunk             ||     6
Dodge: Dodged            ||    42
